 Dungeon Crawl Stone Soup version 0.20-a0-1018-ge435b50 (console) character file.

101 vuev the Shooter (level 4, -1/37 HPs)
             Began as a Centaur Hunter on Apr 17, 2017.
             Slain by an adder (3 damage)
             ... on level 3 of the Dungeon.
             The game lasted 00:04:04 (1953 turns).

vuev the Shooter (Centaur Hunter)                   Turns: 1953, Time: 00:04:05

Health: -1/37      AC:  4    Str: 14    XL:     4   Next: 48%
Magic:  4/4        EV: 10    Int: 10    God:
Gold:   121        SH:  0    Dex: 11    Spells: 3/3 levels left

rFire    . . .     SeeInvis .   a - +1 shortbow
rCold    . . .     Gourm    .   (shield currently unavailable)
rNeg     . . .     Faith    .   c - +0 leather armour
rPois    .         Spirit   .   (no helmet)
rElec    .         Reflect  .   (no cloak)
rCorr    .         Harm     .   (no gloves)
MR       .....                  (no barding)
Stlth    +.........             (no amulet)
Regen    0.2/turn               (no ring)
MPRegen  0.1/turn               (no ring)

@: lethally poisoned (-1 -> -8), very quick
A: hooves 3, deformed body, speed 2, tough skin 3
a: no special abilities


You were on level 3 of the Dungeon.
You were not hungry.

You visited 1 branch of the dungeon, and saw 3 of its levels.

You collected 121 gold pieces.

Inventory:

Hand Weapons
 a - a +1 shortbow (weapon)
 b - a +0 short sword
Armour
 c - a +0 leather armour (worn)
Scrolls
 e - a scroll of noise {unknown}
 g - 2 scrolls of remove curse {unknown}
 j - a scroll of magic mapping {unknown}
 m - a scroll of amnesia {unknown}
Potions
 k - a potion of might {unknown}
 l - a potion of mutation {unknown}
Comestibles
 f - 2 bread rations
 h - a fruit
 i - a royal jelly


   Skills:
 + Level 2.9 Fighting
 * Level 6.7 Bows
 + Level 2.1 Dodging
 - Level 0.4 Stealth


You had 3 spell levels left.
You didn't know any spells.

Dungeon Overview and Level Annotations

Branches:
Dungeon (3/15)

Altars:
Ashenzari


Innate Abilities, Weirdness & Mutations

You have hooves in place of feet.
Armour fits poorly on your strangely shaped body.
You cover ground very quickly.
You have extremely tough skin. (AC +3)


Message History

The adder bites you.
* * * LOW HITPOINT WARNING * * *
You are poisoned.
The adder poisons you! The adder bites you but does no damage.
You barely miss the adder. Your kick misses the adder.
The adder is lightly wounded.
You feel sick. The adder closely misses you. The adder bites you.
* * * LOW HITPOINT WARNING * * *
You are more poisoned.
The adder poisons you!
You barely miss the adder.
The adder is lightly wounded.
* * * LOW HITPOINT WARNING * * *
You feel sick. The adder bites you but does no damage.
The adder barely misses you.
You barely miss the adder. Your kick misses the adder.
The adder is lightly wounded.
* * * LOW HITPOINT WARNING * * *
You feel sick. The adder bites you.
You die...

..#.# #.#$#
#.#.# #.#.#
#.#.# . #.#.#
... ##<#.##....
.####.......(.(
.......@S...(.(
#####..$.......
#.........(
#.........(
#........##
#........#
#..(.....#
#........#


You could see an adder.

Vanquished Creatures
  Jessica (D:3)
  An adder (D:2)
  An ooze (D:2)
  A dart slug (D:2)
  A leopard gecko (D:1)
  An orc (D:3)
  13 bats
  5 giant cockroaches
  10 goblins
  A hobgoblin (D:2)
  4 jackals (D:1)
  2 ball pythons (D:2)
  A frilled lizard (D:2)
  6 kobolds
  6 rats
54 creatures vanquished.

Notes
Turn   | Place    | Note
-------+----------+-------------------------------------------
     0 | D:1      | vuev the Centaur Hunter began the quest for the Orb.
     0 | D:1      | Reached XP level 1. HP: 17/17 MP: 1/1
    94 | D:1      | Reached XP level 2. HP: 24/24 MP: 2/2
   571 | D:1      | Reached skill level 6 in Bows
   619 | D:1      | Reached XP level 3. HP: 24/30 MP: 3/3
   981 | D:2      | Found a shattered altar of Ashenzari.
  1518 | D:2      | Reached XP level 4. HP: 17/37 MP: 4/4
  1932 | D:3      | Noticed Jessica
  1936 | D:3      | Killed Jessica
  1953 | D:3      | Slain by an adder

Vault maps used:
D:1:      dpeg_arrival_subterranean_lakeside_camping, lemuel_flame_loot_1
D:2:      lemuel_coloured_pillars_altar, first_bread
D:3:      old_standard_altar, uniq_jessica

Skill      XL: |  1  2  3  4 |
---------------+-------------+-----
Bows           | 6 |  6.7
Dodging        | 2 |  2.1
Fighting       | |  2.9
Stealth        | |  0.4

Action                   |  1- 3 |  4- 6 || total
-------------------------+-------+-------++-------
Melee: Shortbow          |    65 |     9 ||    74
       Kick              |    15 |     3 ||    18
 Fire: Shortbow          |   125 |    15 ||   140
  Eat: Chunk             |     1 |     1 ||     2
Armor: Leather armour    |    66 |     4 ||    70
Dodge: Dodged            |    91 |     5 ||    96
